Map: Neon Violet Square LE

Players

Losira - Winner!

  • Race: Zerg Zerg
  • Spawn Location: 5:00

Trap

  • Race: Protoss Protoss
  • Spawn Location: 11:00

Event: IEM Season 12 - Katowice

VOD

Have the link to the VOD?

Description

Time

  • Played on: Feb. 27, 2018, 9:57 a.m.
  • Length: 12:20

All games in this series

Show
View Real Time Build Order
Export as new Build Order

Losira Zerg - Winner!

Build Orders: Hatch First, Lurkers 

Get SALT Encoding   

  12  0:00  Drone  
  13  0:12  Overlord  
  13  0:17  Drone  
  14  0:31  Drone x2  
  14  0:35  Drone  
  17  0:52  Hatchery  
  17  0:56  Drone  
  17  0:59  Drone  
  18  1:08  Extractor  
  17  1:16  Spawning Pool  
  16  1:18  Drone  
  16  1:23  Drone  
  18  1:28  Drone  
  19  1:40  Overlord  
  19  2:02  Queen  
  19  2:03  Zergling x4  
  19  2:04  Queen  
  25  2:09  Metabolic Boost  
  25  2:13  Zergling x2  
  26  2:17  Drone  
  26  2:19  Zergling x2  
  28  2:31  Evolution Chamber  
  28  2:35  Drone x3  
  30  2:39  Drone  
  30  2:43  Drone  
  34  2:53  Overlord  
  34  2:56  Zergling x2  
  34  2:58  Zergling x2  
  36  3:08  Overlord  
  36  3:12  Drone  
  37  3:13  Zergling x4  
  37  3:14  Zergling x2  
  37  3:16  Zergling x6  
  41  3:20  Zergling x2  
  41  3:23  Zergling x2  
  41  3:25  Queen  
  45  3:33  Drone  
  45  3:39  Drone  
  45  3:40  Drone  
  47  3:44  Drone  
  47  3:48  Drone x3  
  51  3:50  Drone  
  51  3:51  Drone  
  51  3:54  Overlord  
  50  4:06  Hatchery  
  50  4:09  Overlord  
  48  4:14  Drone x2  
  48  4:20  Drone x2  
  48  4:22  Drone x3  
  50  4:27  Lair  
  50  4:28  Drone  
  50  4:37  Drone, Spore Crawler  
  50  4:38  Drone x3  
  53  4:44  Drone  
  54  4:48  Spore Crawler, Drone  
  54  4:52  Extractor x2  
  52  4:54  Drone x3  
  52  4:59  Zerg Missile Weapons Level 1  
  55  5:00  Drone x4  
  55  5:04  Overlord  
  59  5:11  Overlord  
  59  5:12  Spore Crawler  
  58  5:15  Drone  
  58  5:19  Queen  
  61  5:22  Overlord  
  61  5:27  Drone  
  61  5:28  Hydralisk Den  
  60  5:34  Drone  
  59  5:38  Drone x6  
  59  5:39  Drone  
  66  5:44  Overlord  
  66  5:46  Extractor  
  66  5:47  Drone  
  66  5:51  Extractor  
  66  5:52  Overlord  
  66  5:54  Overlord  
  66  5:56  Drone  
  69  5:57  Drone x3  
  69  6:00  Grooved Spines  
  68  6:04  Drone, Lurker Den  
  68  6:05  Extractor  
  68  6:06  Drone  
  68  6:12  Drone x3  
  67  6:18  Drone x2  
  67  6:19  Drone  
  67  6:23  Drone x4  
  67  6:24  Overlord  
  72  6:31  Drone x3  
  75  6:34  Drone x2  
  77  6:45  Overlord  
  77  6:46  Drone x2, Hatchery  
  78  6:52  Hydralisk  
  78  6:53  Hydralisk x2  
  84  6:55  Hydralisk x2  
  84  6:56  Overlord  
  84  6:59  Zerg Missile Weapons Level 2  
  85  7:04  Hydralisk x2  
  85  7:08  Drone x2  
  87  7:10  Drone  
  87  7:11  Drone  
  87  7:12  Overseer  
  89  7:16  Hydralisk x2  
  89  7:20  Hydralisk  
  95  7:23  Hydralisk  
  95  7:27  Hydralisk  
  95  7:28  Hydralisk  
  101  7:30  Pneumatized Carapace  
  101  7:35  Hydralisk x2  
  101  7:36  Hydralisk  
  107  7:42  Hydralisk x2  
  111  7:48  Drone  
  111  7:49  Drone  
  113  7:54  Extractor  
  113  7:57  Drone x2, Extractor  
  113  7:58  Drone  
  111  8:01  Hydralisk  
  111  8:03  Drone x3  
  111  8:04  Drone x3  
  119  8:05  Drone  
  119  8:07  Hydralisk x2  
  119  8:11  Hydralisk x2  
  128  8:14  Spore Crawler  
  128  8:18  Hydralisk x3  
  133  8:21  Overlord  
  133  8:24  Overlord  
  133  8:27  Hydralisk  
  135  8:36  Overlord  
  135  8:42  Hydralisk x4  
  135  8:47  Hydralisk x3  
  147  8:52  Muscular Augments  
  147  8:54  Drone x3  
  149  9:01  Hydralisk  
  151  9:03  Overlord x3  
  151  9:08  Overlord  
  151  9:15  Zerg Melee Weapons Level 1  
  151  9:22  Hydralisk x7  
  165  9:30  Hydralisk x3  
  171  9:36  Overlord  
  170  9:49  Lurker x5  
  170  9:50  Lurker x3  
  170  9:51  Hydralisk  
  180  9:53  Overlord, Hydralisk  
  180  9:55  Hydralisk  
  184  10:00  Hydralisk  
  184  10:01  Hydralisk x2  
  184  10:06  Overlord  
  190  10:11  Hydralisk  
  190  10:12  Hydralisk x3  
  198  10:16  Zergling x2  
  199  10:30  Hydralisk  
  199  10:31  Hydralisk x7  
  192  10:35  Hydralisk  
  192  10:36  Hydralisk  
  179  10:43  Hydralisk x3  
  183  10:53  Lurker x2  
  168  11:03  Lurker x2  
  168  11:04  Zergling x26  
  173  11:13  Hydralisk x5  
  173  11:17  Hydralisk x2  
  187  11:23  Hydralisk  
  187  11:24  Hydralisk  
  191  11:30  Hydralisk x3  
  195  11:35  Hydralisk x2  
  198  11:41  Hydralisk  
  191  11:50  Hydralisk  
  191  11:51  Hydralisk x5  
  191  11:53  Hydralisk  
  160  11:56  Hydralisk  
Show
View Real Time Build Order
Export as new Build Order

Trap Protoss 

Build Orders: 1 Gate Expand, Oracle Opening, Phoenix Opening, Chargelot Immortal 

Get SALT Encoding   

  12  0:00  Probe  
  13  0:12  Probe  
  14  0:20  Pylon  
  14  0:25  Probe  
  15  0:38  Probe (Chrono Boost)  
  16  0:45  Gateway  
  16  0:48  Probe (Chrono Boost)  
  17  0:53  Probe (Chrono Boost), Assimilator  
  18  1:05  Probe  
  19  1:17  Probe  
  20  1:28  Nexus  
  20  1:38  Cybernetics Core  
  20  1:40  Probe  
  21  1:48  Assimilator  
  21  1:52  Probe  
  22  1:57  Pylon  
  22  2:05  Probe  
  23  2:14  Adept (Chrono Boost)  
  23  2:17  Probe  
  26  2:23  Stargate  
  26  2:29  Probe  
  27  2:32  Warp Gate (Chrono Boost)  
  27  2:33  Adept  
  29  2:40  Probe (Chrono Boost)  
  29  2:42  Probe (Chrono Boost)  
  33  2:51  Probe x2 (Chrono Boost)  
  33  2:56  Probe (Chrono Boost)  
  33  2:57  Probe (Chrono Boost)  
  34  3:01  Adept  
  37  3:08  Phoenix (Chrono Boost)  
  37  3:10  Probe  
  37  3:12  Probe  
  41  3:21  Pylon  
  41  3:24  Probe  
  41  3:25  Probe  
  46  3:36  Shield Battery  
  46  3:37  Shield Battery  
  43  3:45  Gateway  
  43  3:47  Oracle  
  42  3:49  Pylon  
  42  3:58  Pylon  
  42  4:04  Shield Battery  
  42  4:10  Shield Battery  
  41  4:17  Probe  
  41  4:18  Probe  
  41  4:21  Oracle (Chrono Boost)  
  43  4:29  Probe  
  43  4:30  Probe  
  48  4:37  Assimilator  
  48  4:38  Pylon  
  48  4:41  Assimilator  
  48  4:42  Probe x2  
  52  4:55  Cybernetics Core  
  52  4:56  Probe (Chrono Boost)  
  52  4:59  Probe (Chrono Boost)  
  54  5:06  Oracle  
  56  5:07  Probe (Chrono Boost)  
  56  5:11  Probe (Chrono Boost)  
  56  5:13  Nexus  
  57  5:14  Probe (Chrono Boost)  
  58  5:22  Pylon  
  58  5:24  Probe  
  58  5:26  Probe  
  60  5:38  Probe x2  
  60  5:40  Oracle (Chrono Boost)  
  60  5:41  Robotics Facility  
  62  5:48  Twilight Council  
  62  5:49  Pylon  
  65  5:52  Probe x2  
  67  6:04  Probe x2  
  67  6:05  Forge  
  67  6:08  Gateway  
  67  6:10  Gateway  
  67  6:28  Immortal (Chrono Boost)  
  68  6:34  Templar Archives  
  68  6:35  Gateway  
  68  6:36  Protoss Ground Weapons Level 1 (Chrono Boost)  
  68  6:38  Gateway  
  68  6:41  Sentry x2  
  68  6:43  Probe x3  
  75  6:50  Psionic Storm  
  75  6:52  Assimilator x2  
  75  6:53  Charge  
  75  6:54  Pylon  
  75  6:56  Probe x2  
  75  6:58  Probe  
  78  7:08  Probe x2  
  79  7:10  Probe  
  79  7:14  Pylon  
  81  7:17  Immortal (Chrono Boost)  
  85  7:24  Pylon  
  85  7:27  Pylon  
  85  7:33  High Templar x2  
  89  7:44  Robotics Facility  
  89  7:46  Pylon x2  
  89  7:49  Warp Prism (Chrono Boost)  
  89  7:50  High Templar  
  93  8:03  Phoenix  
  95  8:15  Photon Cannon  
  95  8:18  Immortal (Chrono Boost), High Templar  
  101  8:23  Nexus  
  101  8:24  Pylon  
  101  8:28  Protoss Ground Weapons Level 2 (Chrono Boost)  
  101  8:30  Immortal (Chrono Boost)  
  105  8:45  Observer (Chrono Boost)  
  105  8:46  Photon Cannon x2  
  105  8:48  Photon Cannon  
  106  8:50  Pylon  
  106  8:51  Zealot  
  106  8:52  Zealot x3  
  114  9:00  Immortal (Chrono Boost)  
  118  9:09  Immortal (Chrono Boost)  
  122  9:11  Gateway  
  122  9:13  Gateway  
  122  9:25  Zealot x5  
  122  9:35  Probe x3  
  122  9:36  Probe  
  122  9:38  Assimilator  
  118  9:41  Immortal (Chrono Boost)  
  118  9:42  Assimilator  
  118  9:43  Immortal (Chrono Boost)  
  126  9:47  Shield Battery  
  126  9:48  Shield Battery  
  126  9:55  Shield Battery  
  126  9:57  High Templar x5  
  126  9:58  High Templar  
  138  10:02  Archon x2  
  138  10:03  Archon  
  138  10:16  Immortal (Chrono Boost)  
  146  10:26  Immortal (Chrono Boost)  
  144  10:30  Zealot x3  
  144  10:31  Zealot  
  112  10:47  Observer (Chrono Boost)  
  112  10:48  Zealot x2  
  115  10:54  Immortal (Chrono Boost)  
  105  11:08  Zealot x4, Immortal (Chrono Boost)  
  107  11:21  Nexus, Observer (Chrono Boost)  
  107  11:23  Pylon  
  81  11:56  Archon  
  77  12:03  Observer (Chrono Boost)  
  67  12:09  Pylon  
  67  12:11  Zealot x2  

Tags
 
Add a new tag
Caveats
  • Supply blocks, unpowered buildings, or Contaminate may cause inaccurate times.
  • Supply counts are checked every 10 seconds.